| TOP OF THE 1ST |
|
Toledo Mud Hens batting - Pitching for Pawtucket Red Sox : RHP Frank Picaso
|
|
Pitching: RHP Frank Picaso
|
|
|
Batting: LHB Bill Ford
|
0-0: Called Strike 0-1: Ball 1-1: Ball 2-1: Foul Ball, location: 2F 2-2: Fly out, F3 (Line Drive, 34, EV 77.5 MPH)
|
|
Batting: RHB J.J. Basil
|
0-0: Swinging Strike 0-1: Foul Ball, location: 2F 0-2: Ball 1-2: Foul Ball, location: 2F 1-2: Strikes out swinging
|
|
Batting: LHB Tyler Davis
|
0-0: Ground out 4-3 (Groundball, 34D, EV 81.2 MPH)
|
| Top of the 1st over - 0 runs, 0 hits, 0 errors, 0 left on base; Toledo 0 - Pawtucket 0 |
| BOTTOM OF THE 1ST |
|
Pawtucket Red Sox batting - Pitching for Toledo Mud Hens : RHP Caleb Franklin
|
|
Pitching: RHP Caleb Franklin
|
|
|
Batting: LHB Dave Reyes
|
0-0: Foul Ball, location: 2F 0-1: Ball 1-1: Foul Ball, location: 2F 1-2: Ball 2-2: Ball 3-2: Foul Ball, location: 2F 3-2: Fly out, F8 (Line Drive, 8RD, EV 95.0 MPH)
|
|
Batting: RHB Brandon Perris
|
0-0: Ball 1-0: Foul Ball, location: 2F 1-1: Ball 2-1: Foul Ball, location: 2F 2-2: SINGLE (Groundball, 34D, EV 100.6 MPH)
|
|
Batting: LHB Jarrett Mordecai
|
0-0: SINGLE (Line Drive, 89S, EV 87.5 MPH) Brandon Perris to second Runner from 2nd tries for 3rd, OUT! 9-5
|
|
Batting: RHB Adriaan Boessenkool
|
0-0: Ball Wild Pitch! Jarrett Mordecai to second 1-0: Fly out, F9 (Flyball, 89S, EV 84.4 MPH)
|
| Bottom of the 1st over - 0 runs, 2 hits, 0 errors, 1 left on base; Toledo 0 - Pawtucket 0 |
| TOP OF THE 2ND |
|
Toledo Mud Hens batting - Pitching for Pawtucket Red Sox : RHP Frank Picaso
|
|
Batting: SHB Ross Holland
|
0-0: Swinging Strike 0-1: Swinging Strike 0-2: Ball 1-2: Strikes out swinging
|
|
Batting: RHB Brady Jeleniewski
|
0-0: Foul Ball, location: 2F 0-1: Foul Ball, location: 2F 0-2: Foul Ball, location: 2F 0-2: Fly out, F7 (Flyball, 78M, EV 90.6 MPH)
|
|
Batting: RHB Dan Becvar
|
0-0: Called Strike 0-1: Ball 1-1: Fly out, F9 (Line Drive, 89M, EV 91.2 MPH)
|
| Top of the 2nd over - 0 runs, 0 hits, 0 errors, 0 left on base; Toledo 0 - Pawtucket 0 |
| BOTTOM OF THE 2ND |
|
Pawtucket Red Sox batting - Pitching for Toledo Mud Hens : RHP Caleb Franklin
|
|
Batting: RHB Ernie Genier
|
0-0: Called Strike 0-1: Swinging Strike 0-2: Strikes out swinging
|
|
Batting: RHB Dan Friess
|
0-0: Called Strike 0-1: Ball 1-1: Ball 2-1: Ground out 4-3 (Groundball, 4S, EV 88.1 MPH)
|
|
Batting: RHB Joe Evrard
|
0-0: Ground out U3 (Groundball, 13, EV 86.2 MPH)
|
| Bottom of the 2nd over - 0 runs, 0 hits, 0 errors, 0 left on base; Toledo 0 - Pawtucket 0 |
| TOP OF THE 3RD |
|
Toledo Mud Hens batting - Pitching for Pawtucket Red Sox : RHP Frank Picaso
|
|
Batting: SHB Andy Vivas
|
0-0: Ball 1-0: Foul Ball, location: 2F 1-1: Called Strike 1-2: Ball 2-2: SINGLE (Groundball, 6D, EV 103.1 MPH)
|
|
Batting: RHB Joel Miller
|
0-0: Ball 1-0: Foul Ball, location: 2F 1-1: Ball 2-1: Swinging Strike 2-2: Foul Ball, location: 2F 2-2: Ball 3-2: Base on Balls Andy Vivas to second
|
|
Batting: RHB Keith Hoffman
|
0-0: Ball 1-0: Foul Ball, location: 2F 1-1: Swinging Strike 1-2: Strikes out swinging
|
|
Batting: LHB Bill Ford
|
0-0: Called Strike 0-1: Swinging Strike 0-2: Strikes out swinging
|
|
Batting: RHB J.J. Basil
|
0-0: Fly out, F9 (Line Drive, 89M, EV 101.9 MPH)
|
| Top of the 3rd over - 0 runs, 1 hit, 0 errors, 2 left on base; Toledo 0 - Pawtucket 0 |
| BOTTOM OF THE 3RD |
|
Pawtucket Red Sox batting - Pitching for Toledo Mud Hens : RHP Caleb Franklin
|
|
Batting: LHB Mike Jones
|
0-0: Ball 1-0: Swinging Strike 1-1: Foul Ball, location: 2F 1-2: Strikes out swinging
|
|
Batting: SHB Gus Cruz
|
0-0: Foul Ball, location: 2F 0-1: Swinging Strike 0-2: Foul Ball, location: 2F 0-2: Strikes out swinging
|
|
Batting: LHB Dave Reyes
|
0-0: Ground out 6-3 (Groundball, 6, EV 84.4 MPH)
|
| Bottom of the 3rd over - 0 runs, 0 hits, 0 errors, 0 left on base; Toledo 0 - Pawtucket 0 |
| TOP OF THE 4TH |
|
Toledo Mud Hens batting - Pitching for Pawtucket Red Sox : RHP Frank Picaso
|
|
Batting: LHB Tyler Davis
|
0-0: Called Strike 0-1: Foul Ball, location: 2F 0-2: Foul Ball, location: 2F 0-2: Ball 1-2: Fly out, F8 (Flyball, 89M, EV 83.8 MPH)
|
|
Batting: SHB Ross Holland
|
0-0: Ball 1-0: Ball 2-0: Ball 3-0: Foul Ball, location: 2F 3-1: Base on Balls
|
|
Batting: RHB Brady Jeleniewski
|
0-0: Swinging Strike 0-1: Fly out, F5 (Line Drive, 5L, EV 69.4 MPH)
|
|
Batting: RHB Dan Becvar
|
0-0: Foul Ball, location: 2F 0-1: Foul Ball, location: 2F 0-2: Strikes out swinging
|
| Top of the 4th over - 0 runs, 0 hits, 0 errors, 1 left on base; Toledo 0 - Pawtucket 0 |
| BOTTOM OF THE 4TH |
|
Pawtucket Red Sox batting - Pitching for Toledo Mud Hens : RHP Caleb Franklin
|
|
Batting: RHB Brandon Perris
|
0-0: Ball 1-0: Called Strike 1-1: Foul Ball, location: 2F 1-2: Ball 2-2: Strikes out looking
|
|
Batting: LHB Jarrett Mordecai
|
0-0: Called Strike 0-1: Ball 1-1: Ball 2-1: Foul Ball, location: 2F 2-2: Strikes out swinging
|
|
Batting: RHB Adriaan Boessenkool
|
0-0: Called Strike 0-1: Ball 1-1: Ball 2-1: Called Strike 2-2: Ball 3-2: Base on Balls
|
|
Batting: RHB Ernie Genier
|
0-0: Reached on error, E4 (Groundball, 4, EV 86.2 MPH) Adriaan Boessenkool to second
|
|
Batting: RHB Dan Friess
|
0-0: Fly out, F5 (Popup, 5F, EV 62.5 MPH)
|
| Bottom of the 4th over - 0 runs, 0 hits, 1 error, 2 left on base; Toledo 0 - Pawtucket 0 |
| TOP OF THE 5TH |
|
Toledo Mud Hens batting - Pitching for Pawtucket Red Sox : RHP Frank Picaso
|
|
Batting: SHB Andy Vivas
|
0-0: Foul Ball, location: 2F 0-1: Called Strike 0-2: Ball 1-2: Ball 2-2: Ball 3-2: Base on Balls
|
|
Batting: RHB Joel Miller
|
0-0: Grounds into double play, 6-4-3 (Groundball, 6, EV 76.2 MPH)
|
|
Batting: RHB Keith Hoffman
|
0-0: Ball 1-0: Foul Ball, location: 2F 1-1: SINGLE (Line Drive, 78S, EV 88.1 MPH)
|
|
Batting: LHB Bill Ford
|
0-0: Swinging Strike 0-1: Fly out, F8 (Flyball, 8LD, EV 103.1 MPH)
|
| Top of the 5th over - 0 runs, 1 hit, 0 errors, 1 left on base; Toledo 0 - Pawtucket 0 |
| BOTTOM OF THE 5TH |
|
Pawtucket Red Sox batting - Pitching for Toledo Mud Hens : RHP Caleb Franklin
|
|
Batting: RHB Joe Evrard
|
0-0: Ground out U3 (Groundball, 34, EV 85.6 MPH)
|
|
Batting: LHB Mike Jones
|
0-0: Ground out U3 (Groundball, 3L, EV 80.6 MPH)
|
|
Batting: SHB Gus Cruz
|
0-0: Called Strike 0-1: Ball 1-1: Ball 2-1: Swinging Strike 2-2: Ball 3-2: Strikes out swinging
|
| Bottom of the 5th over - 0 runs, 0 hits, 0 errors, 0 left on base; Toledo 0 - Pawtucket 0 |
| TOP OF THE 6TH |
|
Toledo Mud Hens batting - Pitching for Pawtucket Red Sox : RHP Frank Picaso
|
|
Batting: RHB J.J. Basil
|
0-0: Called Strike 0-1: Ball 1-1: Ball 2-1: Ground out 6-3 (Groundball, 6S, EV 83.1 MPH)
|
|
Batting: LHB Tyler Davis
|
0-0: Swinging Strike 0-1: Foul Ball, location: 2F 0-2: Ball 1-2: Strikes out swinging
|
|
Batting: SHB Ross Holland
|
0-0: Fly out, F4 (Flyball, 34D, EV 87.5 MPH)
|
| Top of the 6th over - 0 runs, 0 hits, 0 errors, 0 left on base; Toledo 0 - Pawtucket 0 |
| BOTTOM OF THE 6TH |
|
Pawtucket Red Sox batting - Pitching for Toledo Mud Hens : RHP Caleb Franklin
|
|
Batting: LHB Dave Reyes
|
0-0: Swinging Strike 0-1: Ball 1-1: Ball 2-1: Swinging Strike 2-2: TRIPLE (Line Drive, 7D, EV 108.1 MPH)
|
|
Batting: RHB Brandon Perris
|
0-0: Ball 1-0: Foul Ball, location: 2F 1-1: Foul Ball, location: 2F 1-2: Ball 2-2: Ground out 5-3 (Groundball, 5S, EV 65.6 MPH)
|
|
Batting: LHB Jarrett Mordecai
|
0-0: Ball 1-0: Fly out, F9 (Flyball, 9LSF, EV 94.4 MPH)
|
|
Batting: RHB Adriaan Boessenkool
|
0-0: Called Strike 0-1: Foul Ball, location: 2F 0-2: Foul Ball, location: 2F 0-2: Foul Ball, location: 2F 0-2: Foul Ball, location: 2F 0-2: Foul Ball, location: 2F 0-2: Ball 1-2: Foul Ball, location: 2F 1-2: Ball 2-2: Ball 3-2: Foul Ball, location: 2F 3-2: Foul Ball, location: 2F 3-2: Foul Ball, location: 2F 3-2: Strikes out swinging
|
| Bottom of the 6th over - 0 runs, 1 hit, 0 errors, 1 left on base; Toledo 0 - Pawtucket 0 |
| TOP OF THE 7TH |
|
Toledo Mud Hens batting - Pitching for Pawtucket Red Sox : RHP Frank Picaso
|
|
Batting: RHB Brady Jeleniewski
|
0-0: Called Strike 0-1: Foul Ball, location: 2F 0-2: Ball 1-2: Ball 2-2: Foul Ball, location: 2F 2-2: Ball 3-2: Foul Ball, location: 2F 3-2: Fly out, F4 (Popup, 4M, EV 65.0 MPH)
|
|
Batting: RHB Dan Becvar
|
0-0: DOUBLE (Line Drive, 9LD, EV 104.4 MPH)
|
|
Batting: SHB Andy Vivas
|
0-0: Swinging Strike 0-1: Fly out, F8 (Flyball, 8RS, EV 91.2 MPH)
|
|
Batting: RHB Joel Miller
|
0-0: Ball 1-0: Called Strike 1-1: Ball 2-1: Foul Ball, location: 2F 2-2: Ball 3-2: Fly out, F6 (Line Drive, 56D, EV 71.9 MPH)
|
| Top of the 7th over - 0 runs, 1 hit, 0 errors, 1 left on base; Toledo 0 - Pawtucket 0 |
| BOTTOM OF THE 7TH |
|
Pawtucket Red Sox batting - Pitching for Toledo Mud Hens : RHP Caleb Franklin
|
|
Batting: RHB Ernie Genier
|
0-0: Ball 1-0: Swinging Strike 1-1: Foul Ball, location: 2F 1-2: Foul Ball, location: 2F 1-2: Ball 2-2: Strikes out looking
|
|
Batting: RHB Dan Friess
|
0-0: Ball 1-0: Ball 2-0: Called Strike 2-1: Swinging Strike 2-2: Ball 3-2: Foul Ball, location: 2F 3-2: Strikes out swinging
|
|
Batting: RHB Joe Evrard
|
0-0: Ground out 4-3 (Groundball, 34, EV 83.8 MPH)
|
| Bottom of the 7th over - 0 runs, 0 hits, 0 errors, 0 left on base; Toledo 0 - Pawtucket 0 |
| TOP OF THE 8TH |
|
Toledo Mud Hens batting - Pitching for Pawtucket Red Sox : RHP Frank Picaso
|
|
Pitching: RHP Billy Fitzgerald
|
|
|
Pinch Hitting: LHB Conrad Taylor
|
0-0: Called Strike 0-1: Called Strike 0-2: Ground out U3 (Groundball, 34, EV 106.9 MPH)
|
|
Batting: LHB Bill Ford
|
0-0: Foul Ball, location: 2F 0-1: Foul Ball, location: 2F 0-2: Foul Ball, location: 2F 0-2: Ball 1-2: Foul Ball, location: 2F 1-2: Ball 2-2: Ball 3-2: Foul Ball, location: 2F 3-2: Base on Balls
|
|
Batting: RHB J.J. Basil
|
0-0: Called Strike Bill Ford is caught stealing 2nd base 2-4 0-1: Swinging Strike 0-2: Ball 1-2: Ball 2-2: Ball 3-2: Strikes out swinging
|
| Top of the 8th over - 0 runs, 0 hits, 0 errors, 0 left on base; Toledo 0 - Pawtucket 0 |
| BOTTOM OF THE 8TH |
|
Pawtucket Red Sox batting - Pitching for Toledo Mud Hens : RHP Caleb Franklin
|
|
Now at 1B: Conrad Taylor
|
|
|
Batting: LHB Mike Jones
|
0-0: Ball 1-0: Foul Ball, location: 2F 1-1: Ball 2-1: Ball 3-1: Ground out 4-3 (Groundball, 4, EV 99.4 MPH)
|
|
Pitching: LHP Edwin Pacheco
|
|
|
Batting: SHB Gus Cruz
|
0-0: Swinging Strike 0-1: Ball 1-1: SINGLE (Groundball, 34D, EV 98.1 MPH)
|
|
Batting: LHB Dave Reyes
|
|
|
Pinch Hitting: RHB Neil Mautone
|
0-0: Ball 1-0: Called Strike 1-1: Foul Ball, location: 2F 1-2: Strikes out swinging
|
|
Batting: RHB Brandon Perris
|
0-0: Fly out, F2 (Popup, 15S, EV 85.0 MPH)
|
| Bottom of the 8th over - 0 runs, 1 hit, 0 errors, 1 left on base; Toledo 0 - Pawtucket 0 |
| TOP OF THE 9TH |
|
Toledo Mud Hens batting - Pitching for Pawtucket Red Sox : RHP Billy Fitzgerald
|
|
Pitching: RHP Jaime Dunning
|
|
|
Now in CF: Mike Mentzer
|
|
|
Batting: LHB Tyler Davis
|
0-0: Ball 1-0: Called Strike 1-1: Ball 2-1: Fly out, F9 (Line Drive, 9, EV 96.9 MPH)
|
|
Batting: SHB Ross Holland
|
0-0: DOUBLE (Groundball, 3L, EV 108.8 MPH)
|
|
Batting: RHB Brady Jeleniewski
|
0-0: Ball 1-0: Called Strike 1-1: SINGLE (Groundball, 56S, EV 75.0 MPH) (infield hit) Ross Holland to third
|
|
Pinch Hitting: LHB Frank McConnell
|
0-0: Called Strike Brady Jeleniewski steals 2nd base (no throw) 0-1: Ball 1-1: Intentional Walk
|
|
Batting: SHB Andy Vivas
|
0-0: Ball 1-0: Foul Ball, location: 2F 1-1: Called Strike 1-2: SINGLE (Groundball, 6MD, EV 102.5 MPH) Ross Holland scores Brady Jeleniewski to third Frank McConnell to second
|
|
DELAY
|
Rain delay of 12 minutes in the 9th inning.
|
|
Batting: RHB Joel Miller
|
0-0: Ball 1-0: Foul Ball, location: 2F 1-1: Ball 2-1: Ball 3-1: SINGLE (Groundball, 56, EV 93.8 MPH) Brady Jeleniewski scores Frank McConnell to third Andy Vivas to second Runner from 3rd tries for Home, SAFE, throw by LF to home
|
|
Batting: LHB Conrad Taylor
|
0-0: Called Strike 0-1: Ball 1-1: Ball 2-1: Ball 3-1: Base on Balls Andy Vivas to third Joel Miller to second
|
|
Batting: LHB Bill Ford
|
0-0: Called Strike 0-1: Ball 1-1: Ball 2-1: Swinging Strike 2-2: Foul Ball, location: 2F 2-2: Grounds into fielders choice 3-2 (Groundball, 3, EV 88.8 MPH) Joel Miller to third Conrad Taylor to second
|
|
Pitching: RHP J.J. Thompson
|
|
|
Batting: RHB J.J. Basil
|
0-0: Called Strike 0-1: Fielders Choice at 2nd, 6-4 (Groundball, 6, EV 81.9 MPH)
|
| Top of the 9th over - 3 runs, 4 hits, 0 errors, 3 left on base; Toledo 3 - Pawtucket 0 |
| BOTTOM OF THE 9TH |
|
Pawtucket Red Sox batting - Pitching for Toledo Mud Hens : LHP Edwin Pacheco
|
|
Pitching: RHP Josh Wollaston
|
|
|
Now at 2B: Frank McConnell
|
|
|
Now at 3B: Andy Vivas
|
|
|
Batting: LHB Jarrett Mordecai
|
0-0: Ground out 4-3 (Groundball, 4, EV 102.5 MPH)
|
|
Batting: RHB Adriaan Boessenkool
|
0-0: SINGLE (Flyball, 78S, EV 92.5 MPH)
|
|
Batting: RHB Ernie Genier
|
|
|
Batting: LHB John Bailey
|
0-0: Ball 1-0: Ball 2-0: Foul Ball, location: 2F 2-1: Foul Ball, location: 2F 2-2: Foul Ball, location: 2F 2-2: Ball 3-2: Fly out, F8 (Flyball, 78D, EV 111.9 MPH)
|
|
Pinch Hitting: LHB Tim Fuller
|
0-0: Ball 1-0: Ball 2-0: Ball 3-0: Base on Balls Adriaan Boessenkool to second
|
|
Batting: RHB Joe Evrard
|
0-0: Swinging Strike 0-1: Swinging Strike 0-2: Ball 1-2: Ball 2-2: Strikes out swinging
|
| Bottom of the 9th over - 0 runs, 1 hit, 0 errors, 2 left on base; Toledo 3 - Pawtucket 0 |
|